Match 20084439
Unlisted

Match 20084439
End
Selects Airborne Battlegroup
Selects Heavy Machine Gun Paradrop
Heavy Machine Gun Paradrop
Scout Squad
Heavy Machine Gun Paradrop
Construct Weapon Support Center
Bazooka Squad
Bazooka Squad
Selects Paratrooper Squad Paradrop
Paratrooper Squad Paradrop
Mechanized Support Center
Selects Recon Loiter
M16 Multiple Gun Motor Carriage
Improvised Armor
Heavy Machine Gun Paradrop
Recon Loiter
Paratrooper Squad Paradrop
Recon Loiter
Construct Tank Depot
Selects Supply Drop
M4(105) Sherman Bulldozer
Selects Anti-tank Gun Team Paradrop
Anti-tank Gun Team Paradrop
Recon Loiter
Construct Medical Station
Engineer Squad
Recon Loiter
Selects Carpet Bombing Run
Paratrooper Squad Paradrop
SteelRain
한국사람
Younior
MonoChrome
0
0

Comments sign in to comment!

No comments posted yet!